 Dungeon Crawl Stone Soup version 0.32-a0-350-g4f4d228 (webtiles) character file.

Game seed: 13038543806137297853

2214 edsrzf the Cleaver (level 9, -4/67 HPs)
             Began as a Mountain Dwarf Reaver on Feb 17, 2024.
             Was a Priest of Cheibriados.
             Slain by a gargoyle
             ... wielding a +0 morningstar
              (20 damage)
             ... on level 7 of the Dungeon.
             The game lasted 00:19:14 (7081 turns).

edsrzf the Cleaver (Mountain Dwarf Reaver)          Turns: 7081, Time: 00:19:14

Health: -4/67      AC: 11    Str: 22    XL:     9   Next: 13%
Magic:  8/13       EV: 16    Int: 25    God:    Cheibriados [***...]
Gold:   371        SH:  0    Dex: 15    Spells: 10/14 levels left

rFire   + + .        b - +1 flail (venom)
rCold   . . .        (no shield)
rNeg    . . .        t - +4 ring mail {rF+}
rPois   .            (no helmet)
rElec   .            (no cloak)
rCorr   .            o - +0 pair of gloves
SInv    .            (no boots)
Will    .....        h - amulet of faith {!P}
Stlth   +            k - +5 ring of evasion
HPRegen 0.31/turn    c - ring of protection from fire
MPRegen 0.13/turn

%: faith
@: very slightly contaminated, very slow
A: runic magic, artefact enchanting
a: Renounce Religion, Bend Time, Temporal Distortion


You were on level 7 of the Dungeon.
You worshipped Cheibriados.
Cheibriados was most pleased with you.
You visited 1 branch of the dungeon, and saw 7 of its levels.

You collected 371 gold pieces.

Inventory:

Hand Weapons
 a - a +0 hand axe
 b - a +1 flail of venom (weapon)
Missiles
 g - 7 poisoned darts
Armour
 f - the +8 plate armour of Logena {Dex+4}
   (You took it off a hobgoblin on level 2 of the Dungeon)

   Dex+4:     It affects your dexterity (+4).
 o - a +0 pair of gloves (worn)
 t - a +4 ring mail of fire resistance (worn)
Jewellery
 c - a ring of protection from fire (right hand)
 h - an amulet of faith (around neck) {!P}
 k - a +5 ring of evasion (left hand)
 l - an amulet of the acrobat
Wands
 y - a wand of flame (20)
Scrolls
 e - a scroll of enchant armour {unknown}
 i - a scroll of blinking {unknown}
 m - a scroll of amnesia
 q - a scroll of poison {unknown}
 r - a scroll of revelation {unknown}
 w - a scroll of teleportation {unknown}
 z - a scroll of silence {unknown}
Potions
 d - a potion of lignification
 j - a potion of brilliance
 n - 3 potions of attraction
 s - a potion of enlightenment
 v - a potion of invisibility {unknown}
 x - a potion of berserk rage {unknown}
 A - a potion of haste {unknown}


   Skills:
 - Level 2.1 Fighting
 + Level 9.6 Axes
 + Level 6.4 Armour
 - Level 1.3 Dodging
 - Level 3.0 Spellcasting
 - Level 5.0 Conjurations
 - Level 3.0 Necromancy
 - Level 3.0 Alchemy


You had 10 spell levels left.
You knew the following spells:

 Your Spells              Type           Power      Damage    Failure   Level
a - Kiss of Death         Conj/Necr      92%        2d12      2%          1
b - Momentum Strike       Conj/Tloc      32%        3d8       6%          2
x - Sting                 Conj/Alch      96%        1d9       2%          1

Your spell library contained the following spells:

 Spells                   Type           Power      Damage    Failure   Level
 Mercury Vapours          Alch/Air       22%        N/A       9%          2
 Hailstorm                Conj/Ice       16%        3d6       12%         3
 Olgreb's Toxic Radiance  Alch           19%        N/A       32%         4


Dungeon Overview and Level Annotations

Branches:
Dungeon (7/15)             Temple (0/1) D:5

Altars:
Cheibriados
Dithmenos
Fedhas
Qazlal
The Shining One

Shops:
D:6 :


Innate Abilities, Weirdness & Mutations

Your spellcasting is much less encumbered by armour.
You can use scrolls of enchantment on lesser artefacts.


Message History

The gargoyle is lightly damaged.
The gargoyle struggles against the net.
The net rips apart, and the gargoyle comes free!
Casting: Momentum Strike (safe; 6% risk of failure)
Confirm with . or Enter, or press ? or * to list all spells.
Aiming: Momentum Strike (safe; 6% risk of failure)
Press: ? - help, Dir - move target, f/p - gargoyle
Aim: a gargoyle, wielding a +0 morningstar (lightly damaged, 86% to hit)
The concentrated momentum hits the gargoyle but does no damage.
The gargoyle is lightly damaged.
You are unable to move.
The gargoyle hits you with a +0 morningstar.
Casting: Momentum Strike (safe; 6% risk of failure)
Confirm with . or Enter, or press ? or * to list all spells.
You cannot redirect your momentum while unable to move.
Unknown command.
Press: ? - help, v - describe, . - travel
Here: a gargoyle, wielding a +0 morningstar (lightly damaged)
The floor.
Okay, then.
Okay, then.
You hit the gargoyle but do no damage.
The gargoyle is lightly damaged.
The gargoyle hurls a stone arrow at you.
The stone arrow hits you!
You barely miss the gargoyle.
The gargoyle is lightly damaged.
The gargoyle hits you but does no damage.
You completely miss the gargoyle.
The gargoyle is lightly damaged.
The gargoyle barely misses you.
Okay, then.
As you read the scroll labelled ZYISKE PAZAD, it crumbles to dust.
It is a scroll of amnesia.
Okay, then.
You are no longer robbed of momentum.
The gargoyle hits you with a +0 morningstar.
Okay, then.
Okay, then.
You thump the gargoyle!
The gargoyle is heavily damaged.
The gargoyle closely misses you.
The gargoyle hurls a stone arrow at you.
The stone arrow hits you!
* * * LOW HITPOINT WARNING * * *
Casting: Momentum Strike (safe; 6% risk of failure)
Confirm with . or Enter, or press ? or * to list all spells.
Aiming: Momentum Strike (safe; 6% risk of failure)
Press: ? - help, Dir - move target, f/p - gargoyle
Aim: a gargoyle, wielding a +0 morningstar (heavily damaged, 86% to hit)
You miscast Momentum Strike.
You are very lightly contaminated with residual magic.
Nothing appears to happen.
The gargoyle barely misses you.
Casting: Momentum Strike (safe; 6% risk of failure)
Confirm with . or Enter, or press ? or * to list all spells.
Aiming: Momentum Strike (safe; 6% risk of failure)
Press: ? - help, Dir - move target, f/p - gargoyle
Aim: a gargoyle, wielding a +0 morningstar (heavily damaged, 86% to hit)
The concentrated momentum hits the gargoyle but does no damage.
The gargoyle is heavily damaged.
You are unable to move.
The gargoyle hurls a stone arrow at you.
The stone arrow misses you.
Okay, then.
Okay, then.
You feel better. The gargoyle misses you.
Okay, then.
Okay, then.
Okay, then.
Casting: Momentum Strike (safe; 6% risk of failure)
Confirm with . or Enter, or press ? or * to list all spells.
Okay, then.
Unknown command.
Okay, then.
Unknown command.
Okay, then.
Okay, then.
You hit the gargoyle but do no damage.
The gargoyle is heavily damaged.
The gargoyle hurls a stone arrow at you.
The stone arrow hits you!!
* * * LOW HITPOINT WARNING * * *
Okay, then.
You feel better. The gargoyle misses you.
Casting: Momentum Strike (safe; 6% risk of failure)
Confirm with . or Enter, or press ? or * to list all spells.
Okay, then.
Unknown command.
Okay, then.
Okay, then.
Unknown command.
You hit the gargoyle but do no damage.
The gargoyle is heavily damaged.
The gargoyle misses you.
You hit the gargoyle but do no damage.
The gargoyle is heavily damaged.
You are no longer robbed of momentum.
The gargoyle hits you with a +0 morningstar!!
You die...
Cheibriados appreciates the motionlessness of death.

#≈# #≈# #. #≈#
#.###############
###...............##
#...................
.#......#......#
#..###.#..###.# ###
#....#.9@## ...
#........## #.#
#....#.#..#
#.#######>...#.##.#
#.##.......###.##.#
#.##.###<.........#
#.##.####.####.#####
................#..#
#..#............#.##


You could see a gargoyle.

Vanquished Creatures
  Grinder (D:4)
  Sigmund (D:4)
  Edmund (D:5)
  2 water moccasins (D:6)
  Duvessa (D:4)
  An orc warrior (D:6)
  A black bear (D:5)
  3 ogres
  4 scorpions
  Dowan (D:4)
  A howler monkey (D:5)
  4 hounds
  2 jellies
  An iguana (D:4)
  2 orc wizards (D:6)
  Natasha (thrice) (D:2)
  Robin (D:2)
  9 adders
  4 gnolls (D:3)
  A shadow imp (D:5)
  A white imp (D:6)
  2 ufetubi (D:5)
  2 dart slugs
  A ribbon worm (D:2)
  10 orcs
  10 endoplasms
  3 giant cockroaches
  18 goblins
  9 hobgoblins
  4 jackals (D:1)
  4 kobolds
  3 quokkas
  8 ball pythons
  5 bats
  6 frilled lizards
  3 rats
133 creatures vanquished.

Notes
Turn   | Place    | Note
-------+----------+-------------------------------------------
     0 | D:1      | edsrzf the Mountain Dwarf Reaver began the quest for the
                  | Orb.
     0 | D:1      | Reached XP level 1. HP: 17/17 MP: 3/3
    68 | D:1      | Reached skill level 2 in Spellcasting
   123 | D:1      | Reached skill level 3 in Conjurations
   123 | D:1      | Reached XP level 2. HP: 21/24 MP: 5/5
   293 | D:1      | Reached XP level 3. HP: 26/29 MP: 6/6
  1262 | D:2      | Noticed Natasha
  1278 | D:2      | Killed Natasha
  1279 | D:2      | Reached skill level 3 in Spellcasting
  1279 | D:2      | Reached XP level 4. HP: 6/26 MP: 5/8
  1389 | D:2      | Identified the +8 plate armour of Logena {Dex+4}
  1399 | D:2      | Noticed Robin
  1430 | D:2      | Identified 3 scrolls of identify
  1430 | D:2      | Identified a potion of might
  1440 | D:2      | HP: 1/27 [hound (5)]
  1441 | D:2      | Identified a potion of ambrosia
  1447 | D:2      | Reached skill level 4 in Conjurations
  1447 | D:2      | Reached skill level 1 in Necromancy
  1465 | D:2      | Reached XP level 5. HP: 21/37 MP: 9/9
  1471 | D:2      | Killed Robin
  1569 | D:2      | Noticed Natasha
  1587 | D:2      | Identified a potion of heal wounds
  1590 | D:2      | Killed Natasha
  1591 | D:2      | Reached skill level 2 in Necromancy
  1729 | D:2      | Identified 2 potions of degeneration
  1957 | D:2      | Noticed Natasha
  1967 | D:2      | Killed Natasha
  2060 | D:2      | Learned a level 2 spell: Momentum Strike
  2640 | D:3      | Reached skill level 3 in Necromancy
  2743 | D:3      | Reached XP level 6. HP: 41/43 MP: 10/10
  2899 | D:3      | Found a snail-covered altar of Cheibriados.
  2907 | D:3      | Became a worshipper of Cheibriados the Contemplative
  3167 | D:4      | Learned a level 1 spell: Sting
  3197 | D:4      | Reached skill level 4 in Axes
  3197 | D:4      | Reached skill level 5 in Conjurations
  3225 | D:4      | Reached skill level 1 in Alchemy
  3514 | D:4      | Found a shadowy altar of Dithmenos.
  3555 | D:4      | Identified a potion of brilliance
  3556 | D:4      | Identified a potion of attraction
  3557 | D:4      | Identified a potion of enlightenment
  3592 | D:4      | Identified the +0 robe of Necremeyzi {Will+ Str+3}
  3598 | D:4      | Reached * piety under Cheibriados
  3617 | D:4      | Found a blossoming altar of Fedhas.
  3674 | D:4      | Noticed Duvessa
  3695 | D:4      | Killed Duvessa
  3696 | D:4      | Reached skill level 5 in Axes
  3696 | D:4      | Reached skill level 2 in Alchemy
  3696 | D:4      | Reached XP level 7. HP: 9/53 MP: 7/11
  3889 | D:4      | Noticed Dowan
  3896 | D:4      | Killed Dowan
  4036 | D:4      | Noticed Grinder
  4043 | D:4      | Paralysed by Grinder for 2 turns
  4052 | D:4      | Killed Grinder
  4053 | D:4      | Reached skill level 6 in Axes
  4053 | D:4      | Reached skill level 3 in Alchemy
  4112 | D:4      | Found a stormy altar of Qazlal.
  4331 | D:4      | Noticed Sigmund
  4427 | D:4      | Killed Sigmund
  4428 | D:4      | Reached skill level 2 in Armour
  4428 | D:4      | Reached XP level 8. HP: 61/61 MP: 6/12
  4742 | D:5      | Entered Level 5 of the Dungeon
  4753 | D:5      | Found a staircase to the Ecumenical Temple.
  4812 | D:5      | Reached skill level 7 in Axes
  5141 | D:5      | Reached skill level 3 in Armour
  5183 | D:5      | Reached ** piety under Cheibriados
  5231 | D:5      | Noticed Edmund
  5239 | D:5      | Identified 2 potions of curing
  5246 | D:5      | Reached skill level 4 in Armour
  5247 | D:5      | Killed Edmund
  5248 | D:5      | Reached skill level 8 in Axes
  5344 | D:5      | Reached skill level 5 in Armour
  5635 | D:5      | Identified a potion of lignification
  6066 | D:6      | Reached *** piety under Cheibriados
  6077 | D:6      | Reached skill level 9 in Axes
  6229 | D:6      | Found Jeraboso's Book Boutique.
  6283 | D:6      | Reached skill level 6 in Armour
  6283 | D:6      | Reached XP level 9. HP: 47/67 MP: 10/13
  6884 | D:6      | Found a glowing golden altar of the Shining One.
  7057 | D:7      | Noticed a gargoyle
  7073 | D:7      | Identified 2 scrolls of amnesia
  7081 | D:7      | Slain by a gargoyle

Illustrated notes

Levels and vault maps discovered:
D:1:      matt_arrival_refuge, layout_basic, serial_forest,
          infiniplex_forest_split, infiniplex_forest_split,
          infiniplex_forest_lined_room_, infiniplex_forest_lined_1,
          infiniplex_forest_clump_small, st_stairs_6
D:2:      layout_loops_ring, uniq_robin, uniq_natasha
D:3:      layout_loops_ring, mainiacjoe_overflow_surrounded_room
D:4:      layout_loops_ring, nicolae_dithmenos_the_darkroom,
          mainiacjoe_overflow_small_starburst, fedhas_ov_isle_minmay,
          serial_rivers, chequers_serial_rivers_micro_a,
          chequers_serial_rivers_small_b, chequers_serial_rivers_small_b,
          chequers_serial_rivers_large_b, chequers_serial_rivers_micro_e,
          chequers_serial_rivers_large_a, uniq_duvessa, uniq_sigmund,
          uniq_grinder
D:5:      layout_basic, minmay_temple_entry_slanted, st_stairs_1, uniq_edmund
D:6:      layout_loops_ring, nicolae_tso_carved_into_rock, serial_shops, shop
D:7:      layout_basic, nicolae_overflow_crystal_walls, serial_aquarium,
          aquarium_bridge_island_small [aquarium_subvault_small_open,
          aquarium_subvault_bridge, aquarium_subvault_bridge,
          aquarium_subvault_bridge, aquarium_subvault_wall],
          aquarium_window_corner, aquarium_window_2, aquarium_window_corner,
          aquarium_view_2b, aquarium_view_2d, aquarium_balcony_3b

Skill      XL: |  1  2  3  4  5  6  7  8 |
---------------+-------------------------+-----
Spellcasting   | 2 3 |  3.0
Conjurations   | 3 4 5 |  5.0
Necromancy     | 1 3 |  3.0
Axes           | 5 6 9 |  9.6
Alchemy        | 2 3 |  3.0
Armour         | 2 6 |  6.4
Fighting       | |  2.1
Dodging        | |  1.3

Action                     |  1- 3 |  4- 6 |  7- 9 || total
---------------------------+-------+-------+-------++-------
  Melee: Hand axe          |   254 |   232 |    56 ||   542
         Flail             |       |       |   123 ||   123
  Throw: Dart              |       |     3 |       ||     3
         Throwing net      |       |       |     1 ||     1
   Cast: Kiss of Death     |     3 |     4 |       ||     7
         Sting             |       |    23 |    78 ||   101
         Momentum Strike   |       |       |     3 ||     3
  Evoke: Wand              |       |       |     5 ||     5
    Use: Potion            |       |     3 |     4 ||     7
         Scroll            |       |     5 |     2 ||     7
   Stab: Held in net/web   |       |       |     1 ||     1
 Armour: Leather armour    |    78 |   127 |       ||   205
         Ring mail         |       |       |    96 ||    96
  Dodge: Dodged            |    76 |   156 |   122 ||   354

Table legend: (Time is in decaauts)
 A = Elapsed time spent in this place.
 B = Non-inter-level travel time spent in this place.
 C = Inter-level travel time spent in this place.
 D = Time resting spent in this place.
 E = Time spent auto-exploring this place.
 F = Levels seen in this place.
 G = Mean time per level.
                   A        B        C        D        E       F      G
               +--------+--------+--------+--------+--------+-----+--------+
         Total |   8396 |   8137 |    259 |    859 |   5633 |   7 | 1199.4 |
       Dungeon |   8396 |   8137 |    259 |    859 |   5633 |   7 | 1199.4 |
               +--------+--------+--------+--------+--------+-----+--------+

Top non-repeatable levels by time:
     D:4: 1901 daAuts
     D:5: 1507 daAuts
     D:6: 1447 daAuts
     D:1: 1204 daAuts
     D:3: 1073 daAuts
     D:2: 1071 daAuts
     D:7: 189 daAuts
